 Dungeon Crawl Stone Soup version 0.30-a0-972-gf3ab3527aa (webtiles) character file.

Game seed: 9454350443532379756

608 Zonian the Ducker (level 7, -2/56 HPs)
             Began as a Barachi Gladiator on Apr 1, 2023.
             Was an Initiate of Ashenzari.
             Slain by a water moccasin (4 damage)
             ... on level 5 of the Dungeon.
             The game lasted 00:08:02 (4270 turns).

Zonian the Ducker (Barachi Gladiator)               Turns: 4270, Time: 00:08:03

Health: -2/56      AC:  8    Str: 17    XL:     7   Next: 43%
Magic:  7/7        EV: 12    Int:  8    God:    Ashenzari [......]
Gold:   199        SH:  0    Dex: 20    Spells: 6/6 levels left

rFire   x . .      SeeInvis .      - Unarmed
rCold   + . .      Faith    .    (no shield)
rNeg    . . .      Spirit   .    z - +0 scale mail
rPois   .          Reflect  .    b - +0 helmet
rElec   .          Rampage  .    (no cloak)
rCorr   .                        m - +0 pair of gloves
Will    .....                    (no boots) Stlth
                                 o - amulet of the acrobat
HPRegen 0.29/turn                j - ring of ice
MPRegen 0.10/turn                p - +6 ring of dexterity

@: confused, lethally poisoned (-2 -> -20), ambrosia-drunk, invisible, slow
A: amphibious, slowness 1, strong legs 1, +LOS
a: Hop, Renounce Religion


You were on level 5 of the Dungeon.
You worshipped Ashenzari.
Ashenzari was noncommittal.
You visited 2 branches of the dungeon, and saw 6 of its levels.

You collected 199 gold pieces.

Inventory:

Missiles
 c - 2 throwing nets (quivered)
 d - 7 javelins
 w - 7 poisoned darts
 A - 4 datura-tipped darts
Armour
 a - a +0 leather armour
 b - a +0 helmet (worn)
 m - a +0 pair of gloves (worn)
 z - a +0 scale mail (worn)
Jewellery
 g - a ring of protection from fire
 j - a ring of ice (left hand)
 l - a ring of resist corrosion
 o - an amulet of the acrobat (around neck)
 p - a +6 ring of dexterity (right hand)
Scrolls
 f - a scroll of vulnerability {unknown}
 r - 2 scrolls of blinking {unknown}
 s - a scroll of poison {unknown}
 t - a scroll of silence {unknown}
 x - a scroll of fear {unknown}
 y - 2 scrolls of teleportation {unknown}
Potions
 e - 2 potions of haste
 h - a potion of resistance
 n - a potion of cancellation
 q - a potion of attraction
 u - 3 potions of curing {unknown}
 v - a potion of mutation {unknown}


   Skills:
 + Level 5.4 Fighting
 - Level 3.4 Throwing
 + Level 5.6 Dodging
 + Level 5.5 Unarmed Combat


You had 6 spell levels left.
You didn't know any spells.
Your spell library contained the following spells:

 Spells                   Type           Power      Damage    Failure   Level
 Apportation              Tloc           0%         N/A       85%         1
 Beastly Appendage        Tmut           0%         N/A       85%         1
 Magic Dart               Conj           0%         1d3       85%         1
 Necrotise                Necr           0%         1d4       85%         1
 Summon Small Mammal      Summ           0%         N/A       85%         1
 Blink                    Tloc           0%         N/A       94%         2
 Call Imp                 Summ           0%         N/A       94%         2
 Lesser Beckoning         Tloc           0%         N/A       94%         2
 Momentum Strike          Conj/Tloc      0%         3d8       94%         2
 Wereblood                Tmut           0%         N/A       94%         2
 Mephitic Cloud           Conj/Pois/Air  0%         N/A       99%         3
 Spider Form              Tmut/Pois      0%         N/A       99%         3
 Fireball                 Conj/Fire      0%         3d3       100%        5
 Iskenderun's Battlesphe  Conj           0%         2d6       100%        5
 Conjure Ball Lightning   Conj/Air       0%         3x3d6     100%        6
 Orb of Destruction       Conj           0%         9d5       100%        7


Dungeon Overview and Level Annotations

Branches:
Dungeon (5/15)             Temple (1/1) D:5

Altars:
Ashenzari
Dithmenos
Gozag
Hepliaklqana
Kikubaaqudgha
Makhleb
Nemelex Xobeh
Okawaru
Qazlal
Sif Muna
Trog
Uskayaw
Wu Jian
Xom
Yredelemnul
Zin


Innate Abilities, Weirdness & Mutations

You are amphibious.
You cover ground slowly.
You can hop short distances.
You have an extended range of vision and can be seen from far away.


Message History

The water moccasin bites you!
* * * LOW HITPOINT WARNING * * *
Unknown command.
You hit the water moccasin but do no damage.
The water moccasin is almost dead.
You feel sick. The water moccasin barely misses you.
You barely miss the water moccasin.
The water moccasin is almost dead.
You feel sick.
The water moccasin bites you but does no damage.
You hit the water moccasin.
The water moccasin is almost dead.
You feel sick.
You are no longer poisoned.
The water moccasin misses you. The water moccasin bites you.
* * * LOW HITPOINT WARNING * * *
You are lethally poisoned!
The water moccasin poisons you!
Okay, then.
It was a potion of cancellation.
You feel magically purged.
* * * LOW HITPOINT WARNING * * *
You feel very sick.
The water moccasin bites you but does no damage.
It was a potion of ambrosia.
You are confused.
You feel invigorated.
* * * LOW HITPOINT WARNING * * *
You feel very sick. The water moccasin bites you.
* * * LOW HITPOINT WARNING * * *
You are more poisoned.
The water moccasin poisons you!
Okay, then.
You are too confused!
It was a potion of invisibility.
You fade into invisibility!
* * * LOW HITPOINT WARNING * * *
You feel very sick. The water moccasin bites you.
You die...

#.##.##### #.# .........#
#.# .#..##.#.# #.#
.#.....#.# #.#
...##....## #.#
##....##..# #.#
...##.....#### #.#
.>....#..^...###.####....
...##.#.........@S.......
##........##.############
....#.##..##.#
##..#....###.#
......##.###.#
#.##.........#
#....##..##### #####
.........# ##...##
...####### ######.###.#


You could see a water moccasin (unable to see you).

Vanquished Creatures
  A black bear (D:5)
  An orc priest (D:4)
  2 quasits (D:4)
  5 hounds
  A jelly (D:5)
  Natasha (D:4)
  3 iguanas (D:5)
  3 adders
  A shadow imp (D:4)
  A white imp (D:4)
  An ufetubus (D:4)
  2 worms
  13 orcs
  5 ball pythons
  6 bats
  2 endoplasms
  10 goblins
  6 hobgoblins
  A jackal (D:2)
  A frilled lizard (D:2)
  7 kobolds
  2 rats
75 creatures vanquished.

Vanquished Creatures (others)
  5 demonic plants (D:4)
5 creatures vanquished.

Grand Total: 80 creatures vanquished

Notes
Turn   | Place    | Note
-------+----------+-------------------------------------------
     0 | D:1      | Zonian the Barachi Gladiator began the quest for the Orb.
     0 | D:1      | Reached XP level 1. HP: 17/17 MP: 1/1
   690 | D:2      | Reached XP level 2. HP: 23/23 MP: 2/2
   813 | D:2      | Found a faded altar of an unknown god.
  1095 | D:2      | Reached XP level 3. HP: 29/29 MP: 3/3
  1328 | D:2      | Found a shadowy altar of Dithmenos.
  1757 | D:3      | Reached XP level 4. HP: 34/35 MP: 4/4
  2044 | D:4      | Noticed Natasha
  2225 | D:4      | Found an ancient bone altar of Kikubaaqudgha.
  2228 | D:4      | Found a shimmering altar of Xom.
  2228 | D:4      | Found a hide-covered altar of Uskayaw.
  2230 | D:4      | Found a stormy altar of Qazlal.
  2230 | D:4      | Found a bloodstained altar of Trog.
  2300 | D:4      | Reached XP level 5. HP: 16/42 MP: 5/5
  2762 | D:4      | Reached XP level 6. HP: 38/48 MP: 6/6
  2974 | D:4      | Killed Natasha
  3353 | D:5      | Entered Level 5 of the Dungeon
  3360 | D:5      | Noticed a black bear
  3370 | D:5      | Killed a black bear
  3371 | D:5      | Reached skill level 5 in Dodging
  3371 | D:5      | Reached skill level 5 in Unarmed Combat
  3390 | D:5      | Reached skill level 5 in Fighting
  3390 | D:5      | Reached XP level 7. HP: 10/56 MP: 7/7
  3676 | D:5      | Found a staircase to the Ecumenical Temple.
  3716 | Temple   | Entered the Ecumenical Temple
  3750 | Temple   | Became a worshipper of Ashenzari the Shackled
  4270 | D:5      | HP: 2/56 [poisoned by a water moccasin]
  4270 | D:5      | Slain by a water moccasin

Illustrated notes

Levels and vault maps discovered:
D:1:      minmay_arrival_stone_box, layout_rooms
D:2:      layout_loops_cross, hellmonk_ecumenical_altar_blasted, basic_altar,
          minmay_pentomino_x2
D:3:      kennysheep_the_goblin_king, layout_rooms, nrook_mini_vaults
D:4:      layout_basic, grunt_temple_overflow_open, serial_demonic,
          serial_demonic_g, serial_demonic_d, serial_demonic_c,
          serial_demonic_e, minmay_bisected, uniq_natasha
D:5:      layout_loops_ring, minmay_temple_entry_ruins
Temple:   compressed_dpeg_triangle_lava_temple

Skill      XL: |  1  2  3  4  5  6 |
---------------+-------------------+-----
Fighting       | 3 4 5 |  5.4
Dodging        | 4 5 |  5.6
Unarmed Combat | 4 5 |  5.5
Throwing       | 3 |  3.4

Action                     |  1- 3 |  4- 6 |  7- 9 || total
---------------------------+-------+-------+-------++-------
  Melee: Unarmed           |   162 |   149 |    90 ||   401
         Punch             |       |     2 |     2 ||     4
  Throw: Throwing net      |       |     2 |       ||     2
    Use: Scroll            |       |     3 |       ||     3
         Potion            |       |     4 |     3 ||     7
   Stab: Sleeping          |     2 |     1 |       ||     3
 Armour: Leather armour    |    59 |    37 |       ||    96
         Scale mail        |       |    24 |    29 ||    53
  Dodge: Dodged            |   154 |   201 |    56 ||   411

Table legend: (Time is in decaauts)
 A = Elapsed time spent in this place.
 B = Non-inter-level travel time spent in this place.
 C = Inter-level travel time spent in this place.
 D = Time resting spent in this place.
 E = Time spent auto-exploring this place.
 F = Levels seen in this place.
 G = Mean time per level.
                   A        B        C        D        E       F      G
               +--------+--------+--------+--------+--------+-----+--------+
         Total |   4692 |   4538 |    154 |   1008 |   2489 |   6 |  782.0 |
       Dungeon |   4632 |   4497 |    135 |   1008 |   2489 |   5 |  926.4 |
        Temple |     60 |     41 |     19 |      0 |      0 |   1 |   60.0 |
               +--------+--------+--------+--------+--------+-----+--------+

Top non-repeatable levels by time:
     D:4: 1561 daAuts
     D:5: 936 daAuts
     D:2: 825 daAuts
     D:1: 712 daAuts
     D:3: 596 daAuts
  Temple: 60 daAuts
